 Dungeon Crawl Stone Soup version 0.25.1-2-g60ff931df9 (webtiles) character file.

Game seed: 2061795967230558628

75 Antenora the Skirmisher (level 4, 0/37 HPs)
             Began as a Demonspawn Abyssal Knight on Nov 5, 2020.
             Was a Follower of Lugonu.
             Slain by a hobgoblin (3 damage)
             ... on level 3 of the Dungeon.
             The game lasted 00:09:03 (1952 turns).

Antenora the Skirmisher (Demonspawn Abyssal Knight) Turns: 1952, Time: 00:09:04

Health: 0/37       AC:  3    Str: 13    XL:     4   Next: 11%
Magic:  6/6        EV: 11    Int: 13    God:    Lugonu [*.....]
Gold:   101        SH:  0    Dex: 13    Spells: 3/3 levels left

rFire    . . .     SeeInvis .   a - +2 falchion
rCold    . . .     Gourm    .   (no shield)
rNeg     . . .     Faith    .   b - +0 leather armour
rPois    .         Spirit   .   (helmet restricted)
rElec    .         Reflect  .   (no cloak)
rCorr    .         Harm     .   (no gloves)
MR       .....                  (no boots)
Stlth    +.........             (no amulet)
HPRegen  0.12/turn              d - ring of wizardry
MPRegen  0.10/turn              (no ring)

@: no status effects
A: antennae 1, powered by pain 1
a: Depart the Abyss, Renounce Religion


You were on level 3 of the Dungeon.
You worshipped Lugonu.
Lugonu was aware of your devotion.
You were very full.

You visited 1 branch of the dungeon, and saw 3 of its levels.
You visited the Abyss 1 time.

You collected 101 gold pieces.

Inventory:

Hand Weapons
 a - a +2 falchion (weapon)
Armour
 b - a +0 leather armour (worn)
Jewellery
 d - a ring of wizardry (left hand)
 e - a cursed ring of attention {unknown}
Potions
 h - a potion of haste
Comestibles
 c - 2 rations


   Skills:
 + Level 3.7 Fighting
 + Level 2.8 Long Blades
 + Level 2.1 Armour
 + Level 1.2 Dodging
 * Level 2.9 Invocations


You had 3 spell levels left.
You didn't know any spells.
Your spell library was empty.

Dungeon Overview and Level Annotations

Branches:
Dungeon (3/15)

Altars:
Uskayaw


Innate Abilities, Weirdness & Mutations

You have a pair of small antennae on your head.
You sometimes gain a little power by taking damage.


Message History

You feel sick.
You are no longer poisoned.
You start resting.
You feel less ready to backstab.
You start resting.
A hobgoblin comes into view.
The hobgoblin shouts!
You see here a book of Callings.
Found 9 stones.
You see here a ring mail.
You hit the hobgoblin.
The hobgoblin is almost dead.
The hobgoblin hits you.
* * * LOW HITPOINT WARNING * * *
You barely miss the hobgoblin.
The hobgoblin is almost dead.
The hobgoblin hits you.
* * * LOW HITPOINT WARNING * * *
The hobgoblin hits you.
You die...

#..# (# . #..# .# .#
#####..# .##.# ..##..#
....# #.# #.### ....#
#.###...###....#
#(...:.....#
#..##.#.##.#
#######..##..@g[.##
#.[...<...........##
#.#####..#(.......%#
#..#.........#
#####..#.......#.#
...#†.#†#...#>..#
#######.#.....###...##
............#.# .....
#######.###...# .>##


You could see a hobgoblin.

Vanquished Creatures
  3 adders
  A worm (D:3)
  3 dart slugs
  2 giant cockroaches
  7 goblins
  6 hobgoblins (D:1)
  4 jackals (D:1)
  3 kobolds (D:1)
  2 bats (D:1)
  5 frilled lizards
  2 rats (D:1)
  A plant (D:1)
39 creatures vanquished.

Notes
Turn   | Place    | Note
-------+----------+-------------------------------------------
     0 | Abyss:1  | Antenora the Demonspawn Abyssal Knight began the quest for
                  | the Orb.
     0 | Abyss:1  | Reached XP level 1. HP: 18/18 MP: 2/2
     2 | D:1      | Escaped the Abyss
   171 | D:1      | Gained mutation: You have a pair of small antennae on your
                  | head. [demonic ancestry]
   171 | D:1      | Reached XP level 2. HP: 17/24 MP: 4/4
   934 | D:1      | Reached * piety under Lugonu
   934 | D:1      | Reached skill level 1 in Dodging
  1009 | D:1      | Reached XP level 3. HP: 19/29 MP: 5/5
  1254 | D:2      | Noticed a +0 dagger
  1255 | D:2      | Found a hide-covered altar of Uskayaw.
  1255 | D:2      | Noticed a -1 hand axe
  1649 | D:2      | Paralysed by fainting for 7 turns
  1889 | D:3      | Gained mutation: You sometimes gain a little power by
                  | taking damage. [demonic ancestry]
  1889 | D:3      | Reached XP level 4. HP: 7/37 MP: 6/6
  1952 | D:3      | Slain by a hobgoblin

Illustrated notes

Levels and vault maps discovered:
D:1:      saegor_arrival_simple_c, layout_basic, serial_bayou_pond_c
D:2:      layout_loops_ring, dancing_weapons_uskayaw, first_ration,
          patterned_corridor
D:3:      corexii_shack_village, layout_loops_ring, ashenzari_altar_1,
          lemuel_zombie_altar_kikubaaqudgha, nicolae_tso_carved_into_rock,
          uniq_jessica, uniq_crazy_yiuf_cottage

Skill      XL: |  1  2  3 |
---------------+----------+-----
Long Blades    | 2 |  2.8
Dodging        | 1 |  1.2
Armour         | 2 |  2.1
Fighting       | |  3.7
Invocations    | |  2.9

Action                   |  1- 3 |  4- 6 || total
-------------------------+-------+-------++-------
Melee: Falchion          |   159 |     3 ||   162
Invok: Depart the Abyss  |     1 |       ||     1
  Use: Scroll            |     3 |       ||     3
       Potion            |     2 |       ||     2
 Stab: Sleeping          |     1 |       ||     1
  Eat: Ration            |     2 |     1 ||     3
Armor: Leather armour    |    35 |       ||    35
Dodge: Dodged            |    96 |       ||    96
       Rpst.: Falchion   |    27 |       ||    27
